 Dungeon Crawl Stone Soup version 0.14-a0-2400-gb2944a8 (webtiles) character file.

1881 RedPan the Basher (level 9, 0/51 HPs)
             Began as a Gargoyle Fighter on Feb 3, 2014.
             Slain by an ogre
             ... wielding a +0,+0 giant spiked club
              (24 damage)
             ... on Level 7 of the Dungeon.
             The game lasted 00:16:16 (7300 turns).

RedPan the Basher (Gargoyle Fighter)                Turns: 7300, Time: 00:16:16

HP   0/51        AC 16     Str 22      XL: 9   Next:  2%
MP   9/9         EV  6     Int 10      God:
Gold 199         SH 18     Dex  9      Spells:  0 memorised,  8 levels left

rFire  . . .     SeeInvis +     q - +2 whip (drain)
rCold  . . .     Clarity  .     b - +0 scale mail
rNeg   + . .     Conserve .     c - +0 shield
rPois  +         rCorr    .     s - +2 helmet {SInv}
rElec  +         rRot     +     m - +0 cloak (curse)
SustAb + .       Spirit   .     (no gloves)
rMut   .         Warding  .     (no boots)
Gourm  +         Stasis   .     D - amulet of the gourmand
MR     .....                    (no ring)
                                M - ring of sustain abilities

@: not resistant to hostile enchantments, extremely unstealthy
A: life protection 1, electricity resistance, unbreathing, petrification
resistance, AC +5
a: no special abilities


You were on level 7 of the Dungeon.
You were completely stuffed.

You visited 1 branch of the dungeon, and saw 7 of its levels.
You also visited: Sewer.

You collected 256 gold pieces.
You spent 57 gold pieces at shops.

Inventory:

Hand weapons
 q - a +2,+2 whip of draining (weapon)
 G - a +2,+1 flail of freezing
Armour
 b - a +0 scale mail (worn)
 c - a +0 shield (worn)
 m - a cursed +0 cloak (worn)
 s - a +2 helmet of see invisible (worn)
 L - a +0 cloak
Magical devices
 B - a wand of draining (7)
Comestibles
 d - 5 bread rations
 o - 2 meat rations
 t - a choko
 E - 2 pears
Scrolls
 f - a scroll of enchant armour
 g - a scroll of teleportation {unknown}
 i - 3 scrolls of identify
 j - a scroll of random uselessness
 p - a scroll of magic mapping {unknown}
 v - a scroll of curse weapon {unknown}
 w - a scroll of fear
 y - a scroll of amnesia
 z - a scroll of enchant weapon II {unknown}
 A - a scroll of blinking {unknown}
 C - a scroll of recharging {unknown}
 F - a scroll of remove curse {unknown}
 H - a scroll of acquirement {unknown}
Jewellery
 D - an amulet of the gourmand (around neck)
 M - a ring of sustain abilities (left hand)
Potions
 a - a potion of magic {unknown}
 e - 3 potions of restore abilities
 h - a potion of might {unknown}
 k - 4 potions of curing
 l - 3 potions of lignification {unknown}
 n - 3 potions of resistance
 r - a potion of brilliance {unknown}
 u - a potion of agility {unknown}
 x - a potion of speed
 I - a potion of heal wounds {unknown}
 J - a potion of beneficial mutation {unknown}
 K - 2 potions of flight


   Skills:
 - Level 3.2 Fighting
 + Level 12.1 Maces & Flails
 - Level 3.2 Armour
 - Level 3.2 Shields


You had 8 spell levels left.
You didn't know any spells.

Dungeon Overview and Level Annotations

Branches:
Dungeon (7/16)
 Temple: D:4-7

Altars:
Trog

Shops:
D:4 [/   D:5 [   D:6 (


Innate Abilities, Weirdness & Mutations

You are resistant to torment.
You are immune to poison.
Your stone body is very resilient (AC +5).
You resist negative energy.
You are resistant to electric shocks.
You can survive without breathing.
You are immune to petrification.


Message History

You hit the goblin.
You kill the goblin!
i - 3 scrolls of identify (gained 1)
An ogre comes into view. It is wielding a giant spiked club.
The ogre shouts!
Found an iron wand.
A sky beast comes into view.
The sky beast flickers out of sight for a moment.
The ogre hits you with a giant spiked club!
Ouch! That really hurt!
You hit the ogre but do no damage. You drain the ogre!
You hit the ogre but do no damage. You drain the ogre!
The sky beast hits you but does no damage.
You block the ogre's attack.
You completely miss the ogre. The sky beast barely misses you.
You hit the ogre but do no damage. You drain the ogre! You hit the ogre.
You drain the ogre!
The ogre is moderately wounded.
The ogre hits you with a giant spiked club!
You die...

###.%.............
.....................
......................
.......................
........................
........................
..................../...
........................#
................@O......#
.................I......#
........................
..(.....................
########################


You could see a sky beast (invisible) and an ogre.

Vanquished Creatures
  The ghost of zammy the Cudgeler, an experienced MiCK of Xom (D:5)
  A phantom (D:5)
  The ghost of RedPan the Cudgeler, an average GrFi (D:3)
  A sky beast (D:5)
  A big kobold (Sewer)
  A centaur (D:6)
  An ogre (D:7)
  5 wights (D:6)
  A giant frog zombie (D:5)
  A crimson imp (D:5)
  A centaur zombie (D:5)
  An orc warrior (D:5)
  3 orc priests
  2 hounds (D:6)
  A yellow wasp zombie (D:5)
  A big fish (Sewer)
  2 scorpions
  2 worker ants
  An iguana (D:5)
  11 adders
  A gnoll (D:1)
  3 giant mites
  A green rat (Sewer)
  4 orc wizards
  7 worms
  Sigmund (D:6)
  2 grey rats (Sewer)
  6 giant geckos
  An ooze (D:1)
  25 orcs
  10 goblins
  17 hobgoblins
  2 quokkas
  13 bats
  2 giant cockroaches
  7 giant newts
  15 jackals
  18 kobolds
  8 rats
  2 rat zombies
184 creatures vanquished.

Vanquished Creatures (others)
  A giant cockroach (D:1)
1 creature vanquished.

Grand Total: 185 creatures vanquished

Notes
Turn   | Place    | Note
--------------------------------------------------------------
     0 | D:1      | RedPan, the Gargoyle Fighter, began the quest for the Orb.
     0 | D:1      | Reached XP level 1. HP: 14/14 MP: 1/1
   201 | D:1      | Reached XP level 2. HP: 19/19 MP: 2/2
   589 | D:1      | Reached XP level 3. HP: 23/23 MP: 3/3
   811 | D:1      | Reached skill level 4 in Maces & Flails
  1292 | D:2      | Reached XP level 4. HP: 23/28 MP: 4/4
  1531 | D:2      | Reached skill level 5 in Maces & Flails
  1933 | D:2      | Reached XP level 5. HP: 32/32 MP: 5/5
  2021 | D:3      | Noticed RedPan's ghost (average GrFi)
  2340 | D:3      | Killed RedPan's ghost
  2340 | D:3      | Reached skill level 6 in Maces & Flails
  2650 | D:3      | Found a bloodstained altar of Trog.
  2868 | D:3      | Reached XP level 6. HP: 37/37 MP: 6/6
  3312 | D:4      | Found Fraudooj's Antique Armour Shoppe.
  3318 | D:4      | Bought a shiny helmet for 57 gold pieces
  3331 | D:4      | Found Kaceopao's Magical Wand Shoppe.
  3339 | D:4      | Reached skill level 7 in Maces & Flails
  4265 | D:5      | Entered Level 5 of the Dungeon
  4381 | D:5      | Found Awomuqux's Armour Boutique.
  4399 | D:5      | Reached skill level 8 in Maces & Flails
  4399 | D:5      | Reached XP level 7. HP: 23/41 MP: 7/7
  4880 | D:5      | Reached skill level 9 in Maces & Flails
  4955 | D:5      | Noticed zammy's ghost (experienced MiCK)
  5005 | D:5      | HP: 2/41 [zammy's ghost (6)]
  5007 | D:5      | Killed zammy's ghost
  5007 | D:5      | Reached skill level 10 in Maces & Flails
  5007 | D:5      | Reached XP level 8. HP: 1/46 MP: 8/8
  6076 | D:6      | Reached skill level 11 in Maces & Flails
  6102 | D:6      | Noticed Sigmund
  6114 | D:6      | Killed Sigmund
  6115 | D:6      | Found Kliria's Weapon Shoppe.
  6749 | D:6      | Found a glowing drain.
  6754 | Sewer    | Entered a sewer
  6976 | Sewer    | Found a white marble altar of Elyvilon.
  7173 | D:7      | Reached skill level 12 in Maces & Flails
  7173 | D:7      | Reached XP level 9. HP: 51/51 MP: 9/9
  7300 | D:7      | Slain by an ogre

Action                   |  1- 3 |  4- 6 |  7- 9 || total
-------------------------+-------+-------+-------++-------
Melee: Mace              |   122 |     9 |       ||   131
       Whip              |       |   300 |   515 ||   815
Evoke: Wand              |       |       |     1 ||     1
  Use: Scroll            |       |     2 |     5 ||     7
       Potion            |       |       |     1 ||     1
